 Dungeon Crawl Stone Soup version 0.21-a0-630-g344d351 (webtiles) character file.

11 Alarkh the Digger (level 2, 12/19 HPs)
             Began as a Demonspawn Earth Elementalist on Dec 26, 2017.
             Got out of the dungeon alive.
             The game lasted 00:00:40 (471 turns).

Alarkh the Digger (Demonspawn Earth Elementalist)    Turns: 471, Time: 00:00:41

Health: 12/19      AC:  8    Str:  8    XL:     2   Next: 13%
Magic:  1/5        EV: 12    Int: 16    God:
Gold:   43         SH:  0    Dex: 13    Spells: 4/5 levels left

rFire    . . .     SeeInvis .   h - +0 whip
rCold    . . .     Gourm    .   (no shield)
rNeg     . . .     Faith    .   c - +0 robe
rPois    .         Spirit   .   (no helmet)
rElec    .         Reflect  .   (no cloak)
rCorr    .         Harm     .   (no gloves)
MR       .....                  (no boots)
Stlth    ++........             (no amulet)
HPRegen  0.06/turn              (no ring)
MPRegen  0.09/turn              (no ring)

@: sanguine armour, very slightly contaminated
A: sanguine armour 1
a: no special abilities


You escaped.
You were not hungry.

You visited 1 branch of the dungeon, and saw 2 of its levels.

You collected 43 gold pieces.

Inventory:

Hand Weapons
 h - a +0 whip (weapon)
Missiles
 b - 20 stones (quivered)
Armour
 c - a +0 robe (worn)
Scrolls
 e - 3 scrolls of identify
 g - a scroll of fog
 i - a scroll of enchant armour {unknown}
 j - a scroll of remove curse {unknown}
Books
 f - a book of Geomancy

   Spells                             Type                      Level
   a - Sandblast                      Earth                        1
   b - Passwall                       Transmutation/Earth          2
   c - Stone Arrow                    Conjuration/Earth            3
   d - Petrify                        Transmutation/Earth          4
   e - Lee's Rapid Deconstruction     Earth                        5
Comestibles
 a - 4 chunks of flesh
 d - 2 rations


   Skills:
 - Level 1.7 Dodging
 - Level 1.7 Stealth
 + Level 2.3 Spellcasting
   Level 0.8 Transmutations
 + Level 3.0 Earth Magic


You had 4 spell levels left.
You knew the following spells:

 Your Spells              Type           Power        Failure   Level  Hunger
a - Sandblast             Erth           ##....       5%          1    #......


Dungeon Overview and Level Annotations

Branches:
Dungeon (2/15)

Altars:


Innate Abilities, Weirdness & Mutations

When seriously injured, your bleeding wounds create armour. (AC +6)


Message History

Press: ? - help, Shift-Dir - straight line, f/p - hobgoblin
Aim: a hobgoblin (almost dead)
The blast of sand misses the hobgoblin.
b - 20 stones The hobgoblin misses you.
You hit the hobgoblin but do no damage.
The hobgoblin is almost dead.
The hobgoblin hits you but does no damage.
You hit the hobgoblin.
The hobgoblin is almost dead.
The hobgoblin hits you.
Your blood congeals into armour.
You barely miss the hobgoblin.
The hobgoblin is almost dead.
The hobgoblin barely misses you.
You hit the hobgoblin.
You kill the hobgoblin!
You see here a hobgoblin corpse.
There is a staircase leading out of the dungeon here.
Are you sure you want to leave the Dungeon?
This will make you lose the game!
You have escaped!

#........##.#........(.
#....##..#......######
##.....#.......).+
#................# ..####
#................# .....
#......)..#......# ...##
#......#..##.....+ ....##
#.....##......#..#######.....##
#..#.###.###.##.@..............
#.......#.....#..............#
#.#.####.###..#########....>##
# #. #)# #......)..†.....## #.#
#.########.###..# #.# #.## #.#
#.# #.# #..# #.# .# ..# ##.#
#.# # .#.########.# #!#


There were no monsters in sight!

Vanquished Creatures
  6 hobgoblins
  A bat (D:1)
  2 kobolds (D:1)
9 creatures vanquished.

Notes
Turn   | Place    | Note
-------+----------+-------------------------------------------
     0 | D:1      | Alarkh the Demonspawn Earth Elementalist began the quest for the Orb.
     0 | D:1      | Reached XP level 1. HP: 13/13 MP: 3/3
   362 | D:1      | You fall through a shaft!
   382 | D:2      | Noticed a worker ant
   391 | D:2      | Noticed a bullfrog
   422 | D:1      | Reached skill level 3 in Earth Magic
   422 | D:1      | Gained mutation: When seriously injured, your bleeding wounds create armour. (AC +6) [demonic ancestry]
   422 | D:1      | Reached XP level 2. HP: 19/19 MP: 3/5
   471 | D:$      | Got out of the dungeon alive.

Vault maps used:
D:1:      minmay_arrival_stone_box

Skill      XL: |  1 |
---------------+----+-----
Earth Magic    | 3 |  3.0
Dodging        | |  1.7
Stealth        | |  1.7
Spellcasting   | |  2.3
Transmutations | |  0.8

Action                   || total
-------------------------++-------
Melee: Whip              ||     7
 Cast: Sandblast         ||    15
  Use: Scroll            ||     1
Armor: Robe              ||     8
Dodge: Dodged            ||    15

Table legend:
 A = Spawn XP
 B = Non-spawn XP
 C = Spawn XP percentage of total XP
 D = Spawn monster count
 E = Non-spawn monster count
 F = Spawn count percentage of total count
 G = Total turns spent on level
                    A         B        C        D         E        F      G
               +---------+---------+-------+---------+---------+-------+---------
         Total |       0 |      16 |   0.0 |       0 |       9 |   0.0 |   471
               +---------+---------+-------+---------+---------+-------+---------
           D:1 |       0 |      14 |   0.0 |       0 |       8 |   0.0 |   435
           D:2 |       0 |       2 |   0.0 |       0 |       1 |   0.0 |    36
               +---------+---------+-------+---------+---------+-------+---------
